 Dungeon Crawl Stone Soup version 0.30.0 (webtiles) character file.

Game seed: 8808690187150252568

42542 Wynddius the Convoker (level 13, 0/79 HPs)
             Began as a Deep Elf Summoner on Sept 22, 2023.
             Was an Initiate of Gozag.
             Slain by a catoblepas (27 damage)
             ... on level 5 of the Lair of Beasts on Sept 24, 2023.
             The game lasted 02:02:05 (21627 turns).

Wynddius the Convoker (Deep Elf Summoner)          Turns: 21627, Time: 02:02:05

Health: 0/79       AC:  6    Str:  5    XL:     13   Next: 86%
Magic:  24/34      EV: 16    Int: 26    God:    Gozag
Gold:   3490       SH:  0    Dex: 15    Spells: 22/42 levels left

rFire   . . .        (no weapon)
rCold   . . .        (no shield)
rNeg    + . .        a - +0 robe
rPois   .            R - +0 helmet
rElec   .            M - +1 cloak
rCorr   .            K - +0 pair of gloves
SInv    +            (no boots)
Will    +....        (no amulet)
Stlth   ++           n - ring of positive energy
HPRegen 0.33/turn    t - ring of see invisible
MPRegen 0.24/turn

%: no passive effects
@: about to teleport
A: no striking features
a: Renounce Religion, Potion Petition, Call Merchant, Bribe Branch


You were on level 5 of the Lair of Beasts.
You worshipped Gozag.
Gozag was most pleased with you.
You visited 2 branches of the dungeon, and saw 15 of its levels.
You also visited: Ossuary and Bailey.

You collected 4182 gold pieces.
You spent 120 gold pieces at shops.
You paid 572 gold pieces to Gozag.

Inventory:

Hand Weapons
 V - the +8 spear of Death's Door {speed, Will+ SInv Stlth-}
   (You found it on level 5 of the Lair of Beasts)

   SInv:      It lets you see invisible.
   Will:      It increases your willpower.
   Stlth:     It makes you less stealthy.
Missiles
 D - a throwing net
Armour
 a - a +0 robe (worn)
 G - the +3 kite shield of the Forest {rC- Dex+4 SInv Stlth+}
   (You found it in a bailey)

   Dex:       It affects your dexterity (+4).
   rC:        It makes you vulnerable to cold.
   SInv:      It lets you see invisible.
   Stlth:     It makes you more stealthy.
 K - a +0 pair of gloves (worn)
 M - a +1 cloak (worn)
 R - a +0 helmet (worn)
Jewellery
 c - a +4 ring of protection
 d - a ring of resist corrosion
 k - a ring of protection from fire
 n - a ring of positive energy (left hand)
 t - a ring of see invisible (right hand)
 C - a ring of willpower
 F - a +5 ring of evasion
 H - a +4 ring of slaying
 Q - an amulet of guardian spirit
 S - a +6 ring of strength
 T - a ring of poison resistance
 W - a +6 ring of dexterity
Wands
 u - a wand of light (2)
 y - a wand of polymorph (9)
 J - a wand of flame (22)
 N - a wand of iceblast (4)
Scrolls
 e - 2 scrolls of brand weapon {unknown}
 g - 2 scrolls of blinking
 h - 7 scrolls of teleportation
 j - a scroll of enchant weapon {unknown}
 l - a scroll of enchant armour {unknown}
 o - 5 scrolls of poison
 w - 8 scrolls of identify
 B - 2 scrolls of vulnerability
 E - 2 scrolls of torment {unknown}
 I - 4 scrolls of fear
 O - 3 scrolls of amnesia {unknown}
 U - a scroll of silence {unknown}
Potions
 b - 4 potions of magic
 f - 3 potions of haste
 i - 2 potions of heal wounds
 m - 4 potions of lignification
 p - 5 potions of attraction
 q - 5 potions of curing
 r - 3 potions of mutation {unknown}
 s - 3 potions of might {unknown}
 v - 3 potions of degeneration {unknown}
 x - 3 potions of flight {unknown}
 z - 3 potions of invisibility {unknown}
 A - 2 potions of berserk rage {unknown}
 L - 4 potions of ambrosia {unknown}
 P - a potion of brilliance {unknown}


   Skills:
 + Level 8.7 Fighting
 - Level 9.3 Dodging
 - Level 2.4 Stealth
 - Level 15.0 Spellcasting
 - Level 18.3 Summonings
 * Level 5.5 Translocations


You had 22 spell levels left.
You knew the following spells:

 Your Spells              Type           Power      Damage    Failure   Level
a - Summon Small Mammal   Summ           100%       N/A       0%          1
b - Call Imp              Summ           100%       N/A       0%          2
c - Call Canine Familiar  Summ           86%        N/A       0%          3
d - Summon Guardian Gole  Hex/Summ       61%        N/A       1%          3
e - Summon Lightning Spi  Summ/Air       61%        N/A       1%          4
f - Malign Gateway        Summ/Tloc      34%        N/A       17%         7

Your spell library contained the following spells:

 Spells                   Type           Power      Damage    Failure   Level
 Beastly Appendage        Tmut           38%        N/A       2%          1
 Necrotise                Necr           76%        1d7       2%          1
 Sandblast                Erth           38%        2d10      2%          1
 Manifold Assault         Tloc           48%        N/A       2%          4
 Passwall                 Tmut/Erth      15%        N/A       4%          2
 Wereblood                Tmut           19%        N/A       4%          2
 Inner Flame              Hex/Fire       19%        N/A       9%          3
 Spider Form              Tmut/Pois      19%        N/A       9%          3
 Stone Arrow              Conj/Erth      38%        3d9       9%          3
 Vampiric Draining        Necr           19%        2d7       9%          3
 Anguish                  Hex/Necr       9%         N/A       26%         4
 Flame Wave               Conj/Fire      19%        2d7       26%         4
 Sticky Flame             Conj/Fire      19%        2d4       26%         4
 Agony                    Necr           19%        N/A       58%         5
 Silence                  Hex/Air        9%         N/A       58%         5
 Enfeeble                 Hex            9%         N/A       100%        7


Dungeon Overview and Level Annotations

Branches:
Dungeon (10/15)            Temple (0/1) D:6            Lair (5/5) D:10
  Swamp (0/4) Lair:3       Spider (0/4) Lair:2        Slime (0/5) Lair:4
Ossuary (visited)          Bailey (visited)
    Orc: D:9-12

Altars:
Ashenzari
Dithmenos
Gozag
The Shining One
Jiyva

Shops:
D:5 [   D:10 *

Annotations:
D:7 2 transporters
Lair:1 1 runed translucent door, strontium90w's ghost, journeyman GnRe


Message History

Unknown command.
Your warg is no longer petrified.
Your warg is engulfed in calcifying dust.
Your warg is moving more slowly.
The catoblepas breathes a plume of calcifying dust at you.
The blast of calcifying dust hits you!
Your guardian golem stops moving altogether!
Your guardian golem is engulfed in calcifying dust.
The catoblepas breathes a plume of calcifying dust at you.
The blast of calcifying dust hits you.
Your warg stops moving altogether!
Your lightning spire shoots out a bolt of lightning at the catoblepas!
The bolt of electricity hits the catoblepas!
The catoblepas breathes a plume of calcifying dust at you.
The blast of calcifying dust hits you.
Casting: Summon Lightning Spire (mildly dangerous; 1% risk of failure)
Confirm with . or Enter, or press ? or * to list all spells.
Casting: Call Canine Familiar (safe; 0% risk of failure)
Confirm with . or Enter, or press ? or * to list all spells.
An electric hum fills the air.
Unknown command.
Really read the scroll of poison?
Okay, then.
Unknown command.
As you read the scroll of teleportation, it crumbles to dust.
You feel strangely unstable.
Your warg is engulfed in calcifying dust.
Your warg is moving more slowly.
Your warg bites the catoblepas.
The catoblepas breathes a plume of calcifying dust at you.
The blast of calcifying dust hits you but does no damage.
Your warg is engulfed in calcifying dust.
Your warg stops moving altogether!
The catoblepas breathes a plume of calcifying dust at you.
The blast of calcifying dust hits you! The catoblepas gores you!!
The catoblepas attacks as you move away!
The catoblepas gores you!!
You die...
Your body crumbles into a pile of gold.

#.###
####...##.......####.
##.# #..####.....###
### ####.# ##...##
###.##.######..#
###.P.##.##.###.##
#P............#8## $
##.##..#....###.§# #
#...#######.##.Y§#
##.## ####@h.#$ #
#..# #....##
###..##.# #.....#
##......# #.....#
.......## #.....# ...
.......# ##....##


YY. .......... ##....# .Y# #.#.....## ##.9.### ..# . ######### #..8h.### .÷#.#
You could see a catoblepas (ally target), a friendly guardian golem (summoned),
a friendly warg (summoned, sheltered, petrified) and a friendly lightning spire
(summoned).

Vanquished Creatures
  A pharaoh ant (Lair:2)
1 creature vanquished.

Vanquished Creatures (collateral kills)
  2 hydras
  A catoblepas (Lair:5)
  A two-headed ogre (D:10)
  2 boulder beetles (Lair:5)
  2 death yaks (Lair:5)
  Sonja (Lair:5)
  2 skysharks
  A fire crab (Lair:5)
  An orc knight (Bailey)
  7 black mambas
  9 elephants
  Joseph (D:8)
  2 torpor snails
  3 komodo dragons
  9 cane toads
  4 rime drakes
  2 trolls
  4 polar bears
  25 blink frogs
  A tarantella (Lair:2)
  8 dream sheep
  A vampire (D:10)
  Sigmund (D:2)
  A jumping spider (Lair:2)
  16 yaks
  5 basilisks
  7 wyverns
  A steam dragon (D:8)
  2 redbacks (Lair:2)
  14 water moccasins
  2 ice beasts (D:10)
  2 sky beasts
  11 orc warriors
  3 centaurs
  13 wolves
  2 phantoms
  2 kobold brigands (D:8)
  9 bullfrogs
  4 scorpions
  A gnoll sergeant (D:7)
  14 wights
  3 killer bees (D:9)
  A howler monkey (D:8)
  2 hounds (D:5)
  A jelly (D:4)
  A gnoll bouda (D:7)
  4 orc priests
  Natasha (thrice) (D:2)
  2 iguanas (D:5)
  4 sleepcaps
  11 orc wizards
  9 mummies
  7 adders
  13 gnolls
  A shadow imp (D:6)
  An ufetubus (D:6)
  A dart slug (D:1)
  3 worms
  48 orcs
  8 ball pythons
  4 endoplasms
  5 giant cockroaches
  2 gnoll zombies (Ossuary)
  10 goblins
  5 hobgoblins
  3 jackals (D:1)
  19 kobolds
  4 quokkas
  6 bats
  5 frilled lizards
  3 hobgoblin zombies (Ossuary)
  2 kobold zombies (Ossuary)
  An orc zombie (Ossuary)
  7 rats
398 creatures vanquished.

Vanquished Creatures (others)
  A two-headed ogre (D:10)
  3 death yaks (Lair:5)
  3 elephants (Lair:5)
  A black mamba (Lair:5)
  2 yaks (Lair:2)
  A sky beast (D:6)
  5 wolves (Lair:2)
  A centaur (D:10)
  A wight (D:7)
  An orc wizard (D:6)
  2 orcs (D:6)
  A bush (Lair:5)
  8 demonic plants (D:8)
  53 fungi
  69 plants
152 creatures vanquished.

Grand Total: 551 creatures vanquished

Notes
Turn   | Place    | Note
-------+----------+-------------------------------------------
     0 | D:1      | Wynddius the Deep Elf Summoner began the quest for the Orb.
     0 | D:1      | Reached XP level 1. HP: 10/10 MP: 6/6
   199 | D:1      | Reached XP level 2. HP: 15/15 MP: 7/9
   202 | D:1      | Learned a level 2 spell: Call Imp
   848 | D:1      | Reached XP level 3. HP: 19/19 MP: 11/11
   855 | D:1      | Learned a level 3 spell: Call Canine Familiar
  1077 | D:2      | Reached skill level 5 in Spellcasting
  1736 | D:2      | Noticed Sigmund
  1782 | D:3      | Reached skill level 5 in Summonings
  1792 | D:3      | Reached XP level 4. HP: 24/24 MP: 10/13
  1845 | D:3      | Noticed a scorpion
  1934 | D:3      | Learned a level 3 spell: Summon Guardian Golem
  1939 | D:3      | Learned a level 4 spell: Summon Lightning Spire
  2065 | D:3      | Killed a scorpion
  2106 | D:3      | Found a faded altar of an unknown god.
  2173 | D:3      | Reached XP level 5. HP: 28/28 MP: 11/15
  2296 | D:2      | Noticed Natasha
  2369 | D:2      | Killed Natasha
  2736 | D:2      | Noticed Natasha
  2742 | D:2      | Killed Natasha
  2838 | D:2      | Noticed Natasha
  2869 | D:2      | Killed Natasha
  3399 | D:3      | Found a glowing golden altar of the Shining One.
  3679 | D:4      | Reached XP level 6. HP: 32/32 MP: 13/18
  4729 | D:2      | Killed Sigmund
  4730 | D:2      | Reached skill level 10 in Spellcasting
  4730 | D:2      | Reached XP level 7. HP: 36/36 MP: 16/22
  4855 | D:5      | Entered Level 5 of the Dungeon
  5144 | D:5      | Found an opulent altar of Gozag.
  5144 | D:5      | Found Pageitarr's Armour Shoppe.
  5214 | D:5      | Reached skill level 6 in Summonings
  5216 | D:5      | Became a worshipper of Gozag Ym Sagoz the Greedy
  5507 | D:5      | Reached skill level 7 in Summonings
  5800 | D:5      | Found a shadowy altar of Dithmenos.
  5865 | D:5      | Reached XP level 8. HP: 20/41 MP: 19/24
  6065 | D:6      | Reached skill level 8 in Summonings
  6137 | D:6      | Found a sand-covered staircase.
  6162 | Ossuary  | Entered an ossuary
  6613 | D:6      | Found a staircase to the Ecumenical Temple.
  6654 | D:6      | Noticed a troll
  6670 | D:6      | Killed a troll
  6671 | D:6      | Reached skill level 9 in Summonings
  6755 | D:6      | Reached skill level 10 in Summonings
  7751 | D:7      | Found a transporter.
  7861 | D:7      | Reached XP level 9. HP: 46/46 MP: 25/25
  7867 | D:7      | Reached skill level 1 in Fighting
  8140 | D:7      | Noticed a deep elf pyromancer
  8144 | D:7      | Noticed a two-headed ogre
  8156 | D:7      | Found a transporter.
  8298 | D:7      | Noticed a two-headed ogre
  8717 | D:8      | Reached skill level 5 in Fighting
  9083 | D:8      | Found a flagged portal.
  9103 | Bailey   | Entered a bailey
  9363 | Bailey   | Reached XP level 10. HP: 39/63 MP: 22/26
  9523 | Bailey   | Noticed an orc knight
  9720 | Bailey   | Identified the +0 crystal plate armour "Ismoffacwi" {rPois
                  | Int+2 Dex+3}
  9803 | Bailey   | Killed an orc knight
  9989 | Bailey   | Identified the +3 kite shield of the Forest {rC- Dex+4 SInv
                  | Stlth+}
 10137 | D:8      | Identified a scroll of acquirement
 10138 | D:8      | Acquired the Catalogue of the Ensnaring Blink Frog
 10148 | D:8      | Learned a level 7 spell: Malign Gateway
 10237 | D:8      | Found a broken altar of Ashenzari.
 10248 | D:8      | Noticed Joseph
 10276 | D:8      | Killed Joseph
 11084 | D:9      | Identified the +1 sling of Youthful Indiscretion {heavy,
                  | rPois}
 11381 | D:9      | Reached skill level 5 in Dodging
 12028 | D:10     | Entered Level 10 of the Dungeon
 12106 | D:10     | Found a staircase to the Lair.
 12480 | D:10     | Noticed a two-headed ogre
 12484 | D:10     | Killed a two-headed ogre
 12485 | D:10     | Reached XP level 11. HP: 69/69 MP: 19/27
 12601 | D:10     | Noticed a two-headed ogre
 12645 | D:10     | Killed a two-headed ogre
 12809 | D:10     | Bought a scroll of teleportation for 60 gold pieces
 12809 | D:10     | Bought a scroll of teleportation for 60 gold pieces
 12811 | Lair:1   | Entered Level 1 of the Lair of Beasts
 13402 | Lair:1   | Found a runed translucent door.
 13404 | Lair:1   | Noticed strontium90w's ghost (journeyman GnRe)
 14232 | Lair:2   | Noticed a skyshark
 14258 | Lair:2   | Killed a skyshark
 14283 | Lair:2   | Reached skill level 15 in Spellcasting
 14346 | Lair:2   | Reached skill level 11 in Summonings
 14568 | Lair:2   | Noticed a pharaoh ant
 14574 | Lair:2   | Killed a pharaoh ant
 14590 | Lair:2   | Reached XP level 12. HP: 41/75 MP: 28/33
 14601 | Lair:2   | Reached skill level 12 in Summonings
 14844 | Lair:2   | Found a hole to the Spider Nest.
 15165 | Lair:2   | Reached skill level 13 in Summonings
 15270 | Lair:2   | You fall into a shaft and drop 2 floors!
 15496 | Lair:4   | Noticed a five-headed hydra
 15599 | Lair:4   | Killed a five-headed hydra
 15669 | Lair:4   | Found a viscous altar of Jiyva.
 15669 | Lair:4   | Found a staircase to the Slime Pits.
 15747 | Lair:4   | Identified the +8 short sword "Wiby" {spect, rCorr Str-5
                  | Int+4 Stlth+}
 16201 | Lair:2   | Reached skill level 14 in Summonings
 16742 | Lair:3   | Found a staircase to the Swamp.
 17286 | Lair:3   | Reached skill level 15 in Summonings
 18473 | Lair:5   | Entered Level 5 of the Lair of Beasts
 18473 | Lair:5   | Noticed a six-headed hydra
 18482 | Lair:5   | Killed a six-headed hydra
 18568 | Lair:4   | Reached skill level 16 in Summonings
 18997 | Lair:4   | Reached XP level 13. HP: 36/79 MP: 25/34
 19678 | Lair:5   | Reached skill level 17 in Summonings
 19932 | Lair:5   | Noticed Sonja
 20320 | Lair:5   | Killed Sonja
 20471 | Lair:5   | Identified the +8 spear of Death's Door {speed, Will+ SInv
                  | Stlth-}
 20757 | Lair:5   | Reached skill level 18 in Summonings
 21260 | Lair:5   | Reached skill level 1 in Translocations
 21457 | Lair:5   | Reached skill level 5 in Translocations
 21627 | Lair:5   | Slain by a catoblepas

Illustrated notes

Levels and vault maps discovered:
D:1:      lemuel_arrival_river_ford, layout_loops_cross
D:2:      layout_basic, uniq_sigmund, uniq_natasha
D:3:      layout_basic, nicolae_tso_swordbearing_angel,
          ebering_ecumenical_altar_sacrificial, grunt_ministairs_2
D:4:      layout_cave_pods, saegor_snake_ambush
D:5:      layout_loops_ring, nicolae_gozag_seed_capital, amcnicky_altar_gilded,
          serial_shops, shop, glass_columns_c, grunt_ministairs_10
D:6:      layout_gridville, minmay_temple_entry_overgrown,
          gup_ossuary_entry_pyramid, patterned_corridor
D:7:      gammafunk_the_bubble [the_bubble_gammafunk_grid], layout_basic
D:8:      layout_loops_cross, nicolae_ashenzari_panopticon, serial_demonic,
          serial_demonic_g, serial_demonic_g, serial_demonic_f,
          serial_demonic_b, enter_bailey_5, uniq_joseph
D:9:      layout_small_grid
D:10:     layout_rooms, hellmonk_lair_entry_icy, serial_corexii_hall,
          corexii_hall_statues_s, chequers_hall_statues_corner_a,
          chequers_hall_statues_wall_a
Lair:1:   layout_regular_city, ebering_ghost_inner_flame,
          nicolae_lair_grove_arrangements
Lair:2:   layout_roguey, nicolae_spider_entry_lesser_pyramids
Lair:3:   layout_gridlike, swamp_mist, lemuel_old_faithful, grunt_megastairs_2
Lair:4:   layout_roguey, slime_entry_1
Lair:5:   grunt_lair_end_beastmaster, layout_loops_ring, grunt_megastairs_5,
          lemuel_fruit_tree, infiniplex_staircase_pool, uniq_sonja

Skill      XL: |  1  2  3  4  5  6  7  8  9 10 11 12 13 |
---------------+----------------------------------------+-----
Spellcasting   | 4 5 6 7 10 15 | 15.0
Summonings     | 5 7 10 11 16 18 | 18.3
Fighting       | 7 8 |  8.7
Dodging        | 9 |  9.3
Translocations | 5 |  5.5
Stealth        | |  2.4

Action                     |  1- 3 |  4- 6 |  7- 9 | 10-12 | 13-15 || total
---------------------------+-------+-------+-------+-------+-------++-------
  Melee: Unarmed           |       |       |     1 |     1 |       ||     2
   Cast: Summon Small Mamm |    20 |    30 |     9 |     5 |       ||    64
         Call Imp          |    20 |    30 |    28 |    46 |     7 ||   131
         Call Canine Famil |       |    10 |    37 |    82 |    25 ||   154
         Summon Lightning  |       |       |    10 |    82 |    38 ||   130
         Summon Guardian G |       |       |     3 |    11 |    12 ||    26
 Invoke: Call Merchant     |       |       |       |     1 |       ||     1
  Evoke: Wand              |       |       |       |     3 |     1 ||     4
    Use: Scroll            |     5 |     2 |     6 |     5 |     4 ||    22
         Potion            |       |       |       |     1 |     2 ||     3
 Armour: Robe              |    10 |     8 |     3 |    39 |    14 ||    74
  Dodge: Dodged            |    24 |    21 |    18 |   161 |    57 ||   281
